 Dungeon Crawl Stone Soup version 0.30-a0-347-gf58ed5266c (webtiles) character file.

Game seed: 6186417547474415625

514 Pooter the Trooper (level 7, -1/66 HPs)
             Began as a Minotaur Monk on Nov 6, 2022.
             Was an Elder of Qazlal.
             Succumbed to Edmund's poison
             ... on level 4 of the Dungeon.
             The game lasted 00:25:07 (4217 turns).

Pooter the Trooper (Minotaur Monk)                  Turns: 4217, Time: 00:25:08

Health: -1/66      AC: 12    Str: 16 (17) XL:     7   Next: 0%
Magic:  8/8        EV:  7    Int: 10 (13) God:    Qazlal [****..]
Gold:   164        SH:  5    Dex: 17 (19) Spells: 6/6 levels left

rFire   + . .      SeeInvis +    a - +4 quarterstaff (chaos)
rCold   . . .      Faith    .    (shield currently unavailable)
rNeg    . . .      Spirit   .    e - +0 chain mail
rPois   +          Reflect  .    (helmet restricted)
rElec   .          Harm     .    h - +1 cloak {rPois}
rCorr   +          Rampage  .    t - +1 pair of gloves
Will    .....                    (no boots)
Stlth   ..........               D - amulet of regeneration
HPRegen 1.11/turn                n - ring "Wiugiq" {Int+6 Dex+6}
MPRegen 0.11/turn                F - ring of Ygamp {rF+ rCorr SInv}

@: lethally poisoned (-1 -> -9), repel missiles
A: horns 2, retaliatory headbutt
a: Renounce Religion, Upheaval, Elemental Force


You were on level 4 of the Dungeon.
You worshipped Qazlal.
Qazlal was greatly pleased with you.
You visited 1 branch of the dungeon, and saw 6 of its levels.

You collected 244 gold pieces.
You spent 80 gold pieces at shops.

Inventory:

Hand Weapons
 a - a +4 quarterstaff of chaos (weapon)
   (You took it off Crazy Yiuf on level 5 of the Dungeon)
 b - a +1 arbalest of flaming
   (You found it on level 4 of the Dungeon)
 m - a +1 hand axe
 x - a +0 trident
   (You found it on level 3 of the Dungeon)
 E - the +6 sling of Departure {freeze, rPois Str-3 Int+6, =bdi}
   (You found it on level 3 of the Dungeon)

   Any ammunition fired from it freezes those it strikes, dealing additional
   cold damage.
   It can also slow down cold-blooded creatures.
   Str:       It affects your strength (-3).
   Int:       It affects your intelligence (+6).
   rPois:     It protects you from poison.
Missiles
 l - 9 poisoned darts
 I - a boomerang of dispersal {!f}
 J - a boomerang
 Q - 33 stones (quivered)
Armour
 e - a +0 chain mail (worn)
   (You found it on level 1 of the Dungeon)
 h - a +1 cloak of poison resistance (worn)
   (You took it off Crazy Yiuf on level 5 of the Dungeon)
 i - a +0 kite shield
   (You found it on level 3 of the Dungeon)
 t - a +1 pair of gloves (worn)
   (You found it on level 2 of the Dungeon)
Jewellery
 n - the ring "Wiugiq" (left hand) {Int+6 Dex+6}
   (You found it on level 2 of the Dungeon)

   [ring of dexterity]

   Int:       It affects your intelligence (+6).
   Dex:       It affects your dexterity (+6).
 v - a ring of ice
   (You found it on level 3 of the Dungeon)
 D - an amulet of regeneration (around neck)
   (You found it on level 4 of the Dungeon)
 F - the ring of Ygamp (right hand) {rF+ rCorr SInv}
   (You found it on level 2 of the Dungeon)

   [ring of see invisible]

   rF:        It protects you from fire.
   SInv:      It lets you see invisible.
   rCorr:     It protects you from acid and corrosion.
 H - an amulet of magic regeneration
   (You found it on level 4 of the Dungeon)
Scrolls
 k - a scroll of butterflies
 o - 3 scrolls of blinking {unknown}
 p - 2 scrolls of amnesia {unknown}
 q - a scroll of immolation {!r}
 y - a scroll of poison {unknown}
 z - a scroll of brand weapon {unknown}
 A - a scroll of noise {unknown}
 B - a scroll of teleportation {unknown}
 C - a scroll of fear {unknown}
 G - a scroll of silence {unknown}
Potions
 c - a potion of ambrosia
 d - 4 potions of mutation {unknown}
 f - 4 potions of heal wounds {@q2}
 g - a potion of curing {@q1}
 j - a potion of flight {unknown}
 r - a potion of lignification {!q}
 s - a potion of haste {unknown}
 w - a potion of might


   Skills:
 + Level 7.0 Fighting
 - Level 5.4 Axes
 + Level 0.9 Staves
 * Level 1.5 Ranged Weapons
 - Level 3.2 Dodging
 - Level 2.2 Stealth
 + Level 2.7 Invocations


You had 6 spell levels left.
You didn't know any spells.
Your spell library contained the following spells:

 Spells                   Type           Power      Damage    Failure   Level
 Magic Dart               Conj           0%         1d3       100%        1
 Call Imp                 Summ           0%         N/A       100%        2
 Inner Flame              Hex/Fire       0%         N/A       100%        3
 Mephitic Cloud           Conj/Pois/Air  0%         N/A       100%        3
 Flame Wave               Conj/Fire      0%         2d4       100%        4
 Sticky Flame             Conj/Fire      0%         2d3       100%        4


Dungeon Overview and Level Annotations

Branches:
Dungeon (6/15)
 Temple: D:4-7

Altars:
Qazlal

Shops:
D:2 *=   D:3 [

Annotations:
D:3 2 transporters, eyols's ghost, amateur DsVM
D:4 Edmund


Innate Abilities, Weirdness & Mutations

You have a pair of horns on your head.
You reflexively headbutt those who attack you in melee.


Message History

Edmund shouts!
You shoot a bolt. The bolt hits Edmund.
The bolt burns Edmund.
You shoot a bolt.
The bolt hits Edmund but does no damage.
Your +1 arbalest of flaming stops flaming.
Your +4 quarterstaff of chaos is briefly surrounded by a scintillating aura of random colours.
a - a +4 quarterstaff of chaos (weapon)
You closely miss Edmund.
Edmund hits you with a +2 dire flail of venom!
Edmund hits you but does no damage.
You sock Edmund! You headbutt Edmund, but do no damage.
Edmund hits you but does no damage.
You are poisoned.
You sock Edmund!
You feel better.
You feel very sick. You block Edmund's attack.
You barely miss Edmund.
You feel sick.
Edmund hits you with a +2 dire flail of venom!
You are more poisoned.
You hit Edmund.
You feel very sick.
Edmund hits you with a +2 dire flail of venom.
You are more poisoned.
Edmund hits you with a +2 dire flail of venom.
You are more poisoned.
You are too injured to fight recklessly!
You are too injured to fight recklessly!
You barely miss Edmund.
You feel extremely sick.
Edmund hits you with a +2 dire flail of venom!
* * * LOW HITPOINT WARNING * * *
You hit Edmund.
You feel extremely sick. You block Edmund's attack.
Unknown command.
You hit Edmund but do no damage.
Edmund is poisoned.
You feel very sick. You block Edmund's attack. Edmund closely misses you.
Unknown command.
You sock Edmund! You burn Edmund.
You feel very sick.
Edmund hits you with a +2 dire flail of venom.
* * * LOW HITPOINT WARNING * * *
You are lethally poisoned!
You hit Edmund. Your headbutt misses Edmund.
* * * LOW HITPOINT WARNING * * *
You feel very sick. Edmund hits you but does no damage.
You barely miss Edmund. Your headbutt misses Edmund.
You die...

#.##.##.#.....#
#.##.##.#.....#
#....##.#.....#
#.#####.#.....#
#.......#.....#
###.#############
#......# .
#.#.##.############....
#.#.#>....#....@@......
#.#.....#.#.##.##.#####
#.###...#.#.##.# #
#..............#
#####.###.#.#### #.#
#.#.# #.. >.#..
##########


You could see Edmund (very poisoned).

Vanquished Creatures
  An ogre (D:5)
  A centaur (D:6)
  A hound (D:5)
  Crazy Yiuf (D:5)
  An iguana (D:5)
  2 orc wizards (D:4)
  Robin (D:2)
  4 gnolls (D:5)
  4 adders
  An ufetubus (D:5)
  3 worms
  6 dart slugs
  5 orcs (D:4)
  11 ball pythons
  5 endoplasms
  4 giant cockroaches
  11 hobgoblins
  7 jackals
  3 quokkas
  7 bats
  A frilled lizard (D:3)
  14 goblins
  11 kobolds
  7 rats
  2 bushes (D:3)
114 creatures vanquished.

Vanquished Creatures (others)
  A fungus (D:5)
  7 plants (D:3)
8 creatures vanquished.

Grand Total: 122 creatures vanquished

Notes
Turn   | Place    | Note
-------+----------+-------------------------------------------
     0 | D:1      | Pooter the Minotaur Monk began the quest for the Orb.
     0 | D:1      | Reached XP level 1. HP: 19/19 MP: 0/0
   122 | D:1      | Reached skill level 4 in Fighting
   168 | D:1      | Reached XP level 2. HP: 27/27 MP: 1/1
   327 | D:1      | Reached XP level 3. HP: 29/34 MP: 2/2
   848 | D:2      | Identified the ring "Wiugiq" {Int+6 Dex+6}
   962 | D:2      | Found a faded altar of an unknown god.
  1029 | D:2      | Prayed at the altar of an unknown god.
  1029 | D:2      | Became a worshipper of Qazlal Stormbringer
  1029 | D:2      | Reached * piety under Qazlal
  1029 | D:2      | Reached ** piety under Qazlal
  1086 | D:2      | Found Retho's General Store.
  1131 | D:2      | Bought a potion of heal wounds for 50 gold pieces
  1131 | D:2      | Bought a potion of lignification for 30 gold pieces
  1140 | D:2      | Reached skill level 5 in Fighting
  1140 | D:2      | Reached XP level 4. HP: 40/42 MP: 3/3
  1163 | D:2      | Found Axorhi's Jewellery Shoppe.
  1186 | D:2      | Noticed Robin
  1196 | D:2      | Reached *** piety under Qazlal
  1205 | D:2      | Killed Robin
  1581 | D:2      | Identified the ring of Ygamp {rF+ rCorr SInv}
  1792 | D:3      | You fall into a shaft and drop 3 floors!
  1794 | D:6      | Noticed a centaur
  1797 | D:6      | Killed a centaur
  1798 | D:6      | Reached skill level 1 in Invocations
  1798 | D:6      | Reached XP level 5. HP: 32/50 MP: 0/5
  1806 | D:5      | Entered Level 5 of the Dungeon
  1811 | D:5      | Reached skill level 6 in Fighting
  1816 | D:5      | Reached skill level 5 in Axes
  1964 | D:5      | Reached XP level 6. HP: 58/58 MP: 6/6
  2254 | D:5      | Found a runed translucent door.
  2255 | D:5      | Noticed Crazy Yiuf
  2267 | D:5      | Killed Crazy Yiuf
  2758 | D:3      | Identified the +6 sling of Departure {freeze, rPois Str-3
                  | Int+6}
  2808 | D:3      | Found a transporter.
  2808 | D:3      | Noticed eyols's ghost (amateur DsVM)
  2808 | D:3      | Identified the +8 great mace "Topett" {venom, Int+7}
  2811 | D:3      | Found a transporter.
  2847 | D:3      | Found Hibis's Armour Shop.
  3672 | D:4      | Identified the +2 robe of the Gate {Dex+6}
  3783 | D:4      | Reached skill level 7 in Fighting
  3804 | D:4      | Reached skill level 1 in Ranged Weapons
  4136 | D:4      | Reached **** piety under Qazlal
  4138 | D:4      | Reached XP level 7. HP: 63/66 MP: 8/8
  4203 | D:4      | Noticed Edmund
  4216 | D:4      | HP: 2/66 [poisoned by Edmund]
  4217 | D:4      | Succumbed to Edmund's poison

Illustrated notes

Levels and vault maps discovered:
D:1:      amcnicky_arrival_choice, layout_rooms, minmay_misc_feat_encased
D:2:      layout_loops_corners, serial_shops, shop, nicolae_shop_hallway_plus,
          chequers_ecumenical_altar_simple, minmay_ruptured, uniq_robin
D:3:      layout_rooms, gammafunk_ghost_smash, serial_shops, shop_fountains,
          cheibrodos_sewer_entry_sluice, serial_forest,
          infiniplex_forest_straight_3, infiniplex_forest_clump_cross,
          infiniplex_forest_clump_tiny, infiniplex_forest_lined_4_way,
          infiniplex_forest_end_2, infiniplex_forest_end_1,
          infiniplex_forest_straight_5, infiniplex_forest_clump_large
D:4:      layout_loops_cross, uniq_edmund
D:5:      layout_cave_pools, mainiacjoe_overflow_alcove_1, temple_green,
          uniq_crazy_yiuf_cottage
D:6:      layout_loops_ring, lemuel_tele_altar, serial_bayou_pond_c,
          minmay_misc_feat_ornament

Skill      XL: |  1  2  3  4  5  6 |
---------------+-------------------+-----
Fighting       | 4 5 6 7 |  7.0
Axes           | 4 5 |  5.4
Stealth        | 2 |  2.2
Invocations    | 1 2 |  2.7
Ranged Weapons | 1 |  1.5
Staves         | |  0.9
Dodging        | |  3.2

Action                   |  1- 3 |  4- 6 |  7- 9 || total
-------------------------+-------+-------+-------++-------
Melee: Hand axe          |    91 |   118 |       ||   209
       Headbutt          |    15 |    64 |     1 ||    80
       Punch             |     1 |     1 |       ||     2
       Quarterstaff      |       |    68 |    12 ||    80
 Fire: Arbalest          |       |    26 |     2 ||    28
       Sling             |       |    17 |       ||    17
Throw: Stone             |     2 |       |       ||     2
       Dart              |       |     2 |       ||     2
Invok: Upheaval          |       |     2 |       ||     2
  Use: Scroll            |     1 |     3 |     1 ||     5
       Potion            |       |     5 |       ||     5
Armor: Robe              |     2 |       |       ||     2
       Chain mail        |    42 |    52 |     3 ||    97
Dodge: Dodged            |    42 |    32 |     3 ||    77
Block: Other             |     2 |    19 |     3 ||    24

Table legend: (Time is in decaauts)
 A = Elapsed time spent in this place.
 B = Non-inter-level travel time spent in this place.
 C = Inter-level travel time spent in this place.
 D = Time resting spent in this place.
 E = Time spent auto-exploring this place.
 F = Levels seen in this place.
 G = Mean time per level.
                   A        B        C        D        E       F      G
               +--------+--------+--------+--------+--------+-----+--------+
         Total |   4296 |   4193 |    103 |    852 |   2258 |   6 |  716.0 |
       Dungeon |   4296 |   4193 |    103 |    852 |   2258 |   6 |  716.0 |
               +--------+--------+--------+--------+--------+-----+--------+

Top non-repeatable levels by time:
     D:2: 1098 daAuts
     D:3: 1088 daAuts
     D:5: 751 daAuts
     D:1: 697 daAuts
     D:4: 647 daAuts
     D:6: 13 daAuts
